 Dungeon Crawl Stone Soup version 0.30-b1-2-g02819fbbbe (webtiles) character file.

Game seed: 9833845049126601319

2 Mesmaeker13 the Conjurer (level 1, -2/9 (12) HPs)
             Began as a Tengu Reaver on June 4, 2023.
             Frozen to death by an endoplasm (3 damage)
             ... on level 1 of the Dungeon.
             The game lasted 00:00:39 (87 turns).

Mesmaeker13 the Conjurer (Tengu Reaver)               Turns: 87, Time: 00:00:39

HP:   -2/9 (12)     AC:  3    Str: 18    XL:     1   Next: 30%
MP:   4/4           EV: 12    Int: 13    God:
Gold: 0             SH:  0    Dex: 12    Spells: 3/4 levels left

rFire   . . .        a - +0 falchion
rCold   . . .        (no shield)
rNeg    . . .        b - +0 leather armour
rPois   .            (helmet restricted)
rElec   .            (no cloak)
rCorr   .            (no gloves)
SInv    .            (boots unavailable)
Will    .....        (no amulet)
Stlth   +            d - +6 ring of strength
HPRegen 0.21/turn    (no ring)
MPRegen 0.09/turn

%: no passive effects
@: very heavily drained
A: beak, talons 3
a: no special abilities


You were on level 1 of the Dungeon.
You visited 1 branch of the dungeon, and saw 1 of its levels.

Inventory:

Hand Weapons
 a - a +0 falchion (weapon)
Armour
 b - a +0 leather armour (worn)
 e - a +0 kite shield
Jewellery
 d - a +6 ring of strength (left hand)
Scrolls
 c - a scroll of noise {unknown}


   Skills:
 - Level 2.0 Fighting
 + Level 3.3 Long Blades
 + Level 2.2 Dodging
 - Level 2.0 Spellcasting
 + Level 4.0 Conjurations
 + Level 0.2 Necromancy


You had 3 spell levels left.
You knew the following spells:

 Your Spells              Type           Power      Damage    Failure   Level
a - Kiss of Death         Conj/Necr      24%        2d7       13%         1

Your spell library contained the following spells:

 Spells                   Type           Power      Damage    Failure   Level
 Momentum Strike          Conj/Tloc      12%        3d8       21%         2
 Hailstorm                Conj/Ice       6%         3d4       36%         3
 Inner Flame              Hex/Fire       1%         N/A       65%         3
 Portal Projectile        Hex/Tloc       2%         N/A       65%         3
 Tukima's Dance           Hex            1%         N/A       65%         3
 Flame Wave               Conj/Fire      6%         2d5       78%         4
 Sticky Flame             Conj/Fire      6%         2d3       78%         4
 Blade Hands              Tmut           0%         N/A       100%        5


Dungeon Overview and Level Annotations

Branches:
Dungeon (1/15)

Altars:


Innate Abilities, Weirdness & Mutations

You have a beak for a mouth.
You have claws for feet.


Message History

The negative energy hits the kobold!
The kobold is drained!
You kill the kobold!
You feel drained.
Unknown command.
Things that are here:
a +0 whip; a kobold corpse A giant cockroach comes into view.
You hit the giant cockroach.
The giant cockroach is severely wounded.
The giant cockroach bites you but does no damage.
You closely miss the giant cockroach.
The giant cockroach is severely wounded.
The giant cockroach bites you but does no damage.
The giant cockroach bites you.
You barely miss the giant cockroach. Your kick misses the giant cockroach.
You peck the giant cockroach.
You kill the giant cockroach!
No target in view!
You see here a giant cockroach corpse.
Found a mace.
Found a stone staircase leading down.
You see here a +0 kite shield.
e - a +0 kite shield You see here a +0 mace.
There is a stone staircase leading down here.
You pick up a book of Flames and begin reading...
You add the spells Inner Flame, Sticky Flame and Flame Wave to your library.
You pick up a book of Weapons and begin reading...
You add the spells Tukima's Dance, Portal Projectile and Blade Hands to your library.
An endoplasm comes into view.
The endoplasm freezes you.
You are frozen.
You hit the endoplasm but do no damage. The endoplasm freezes you.
You are frozen.
Ouch! That really hurt!
* * * LOW HITPOINT WARNING * * *
The endoplasm freezes you.
You are frozen.
You die...

########## .........#
#####
####.###.###...######...
.....# #........@J....#
##...###.###...######...
#.......# ##.##
#..###.## #.# #..# #.#
#.# ##..###.### #.#
........... ...
.##>.##.## ..# ......#
..#


You could see an endoplasm.

Vanquished Creatures
  A giant cockroach (D:1)
  A kobold (D:1)
2 creatures vanquished.

Notes
Turn   | Place    | Note
-------+----------+-------------------------------------------
     0 | D:1      | Mesmaeker13 the Tengu Reaver began the quest for the Orb.
     0 | D:1      | Reached XP level 1. HP: 12/12 MP: 4/4
    87 | D:1      | Frozen to death by an endoplasm

Illustrated notes

Levels and vault maps discovered:
D:1:      dpeg_arrival_solitude, layout_loops_ring, st_stairs_14,
          minmay_split_cup_large

Action                     || total
---------------------------++-------
  Melee: Falchion          ||     4
         Peck              ||     1
   Cast: Kiss of Death     ||     1
 Armour: Leather armour    ||     2
